 Dungeon Crawl Stone Soup version 0.20.0-7-g3b7b877 (webtiles) character file.

13023 Chiseanne the Cleaver (level 11, -22/102 HPs)
             Began as a Minotaur Gladiator on May 29, 2017.
             Was a High Priest of Makhleb.
             Killed from afar by Josephine (28 damage)
             ... with a ghostly fireball
             ... on level 12 of the Dungeon.
             The game lasted 00:29:18 (11237 turns).

Chiseanne the Cleaver (Minotaur Gladiator)         Turns: 11237, Time: 00:29:19

Health: -22/102    AC: 12    Str: 20    XL:     11   Next: 70%
Magic:  16/16      EV: 17    Int:  5    God:    Makhleb [*****.]
Gold:   430        SH:  0    Dex: 17    Spells: 10/10 levels left

rFire    + . .     SeeInvis .   s - +0 war axe
rCold    . . .     Gourm    .   (no shield)
rNeg     . . .     Faith    .   t - +3 leather armour {rF+}
rPois    .         Spirit   .   p - +1 hat
rElec    .         Reflect  .   (no cloak)
rCorr    .         Harm     .   U - +2 pair of gloves {Dex+3}
MR       .....                  D - +1 pair of boots
Stlth    +.........             (no amulet)
Regen    0.3/turn               (no ring)
MPRegen  0.2/turn               q - +3 ring of slaying

@: slowed, heavily drained, very slow
A: retaliatory headbutt, horns 2
a: Minor Destruction, Lesser Servant of Makhleb, Major Destruction, Greater
Servant of Makhleb, Renounce Religion


You were on level 12 of the Dungeon.
You worshipped Makhleb.
Makhleb was extremely pleased with you.
You were hungry.

You visited 2 branches of the dungeon, and saw 13 of its levels.
You also visited: Sewer and Ossuary.

You collected 694 gold pieces.
You spent 264 gold pieces at shops.

Inventory:

Hand Weapons
 a - a +3 flail of protection
 s - a +0 war axe (weapon)
 Z - a +0 blowgun
Missiles
 d - 3 throwing nets {!*}
 h - 117 arrows
 l - 109 poisoned needles
 m - 6 javelins
 x - 41 sling bullets
 E - 17 tomahawks
 I - 13 bolts
 K - 7 poisoned tomahawks (quivered)
Armour
 p - a +1 hat (worn)
 t - a +3 leather armour of fire resistance (worn)
 D - a +1 pair of boots (worn)
 L - a +0 troll leather armour
 U - a +2 pair of gloves of dexterity (worn)
 X - a +0 ring mail of positive energy
Jewellery
 c - a +4 ring of strength
 i - a +4 ring of protection
 q - a +3 ring of slaying (right hand)
 P - a +5 ring of intelligence
 W - an uncursed ring of positive energy
Wands
 j - a wand of paralysis (10/24)
 r - a wand of digging (9/24)
 J - a wand of lightning (8/15)
 M - a wand of paralysis (14/24)
 N - a wand of digging (16/24)
 S - a wand of confusion (22/48)
Scrolls
 g - 6 scrolls of remove curse
 n - a scroll of blinking
 v - 8 scrolls of teleportation
 w - a scroll of recharging
 R - 5 scrolls of identify
 T - a scroll of enchant weapon
Potions
 b - a potion of might
 e - 6 potions of brilliance
 o - a potion of ambrosia
 u - 4 potions of heal wounds
 z - 3 potions of flight
 A - 13 potions of curing
 B - a potion of berserk rage
 C - 2 potions of magic
 F - 3 potions of agility
 G - a potion of resistance
 H - 2 potions of haste
Books
 Q - a book of Minor Magic

   Spells                             Type                      Level
   a - Magic Dart                     Conjuration                  1
   b - Blink                          Translocation                2
   c - Call Imp                       Summoning                    2
   d - Slow                           Hexes                        2
   e - Conjure Flame                  Conjuration/Fire             3
   f - Mephitic Cloud                 Conjuration/Poison/Air       3
 V - a book of Geomancy

   Spells                             Type                      Level
   a - Sandblast                      Earth                        1
   b - Passwall                       Transmutation/Earth          2
   c - Stone Arrow                    Conjuration/Earth            3
   d - Petrify                        Transmutation/Earth          4
   e - Lee's Rapid Deconstruction     Earth                        5
Comestibles
 f - 10 bread rations
 k - 5 royal jellies
 O - 4 meat rations
 Y - a fruit


   Skills:
 * Level 11.4(8.3) Fighting
 * Level 11.9(8.8) Axes
 - Level 2.0(0.0) Throwing
 - Level 5.2(2.6) Armour
 * Level 10.7(7.6) Dodging
 * Level 8.3(5.5) Invocations


You had 10 spell levels left.
You didn't know any spells.

Dungeon Overview and Level Annotations

Branches:
Dungeon (12/15)            Temple (1/1) D:4            Lair (0/6) D:11
    Orc (0/2) D:12

Altars:
Ashenzari
Cheibriados
Dithmenos
Fedhas
Hepliaklqana
Makhleb
Nemelex Xobeh
Okawaru
Ru
Sif Muna
Uskayaw
Vehumet
Xom
Yredelemnul
Zin

Shops:
D:12 ([

Annotations:
D:12 Josephine


Innate Abilities, Weirdness & Mutations

You reflexively headbutt those who attack you in melee.
You have a pair of horns on your head.


Message History

* * * LOW HITPOINT WARNING * * *
The ghostly fireball engulfs something.
The ghostly fireball engulfs Josephine.
Josephine completely resists.
The ghostly fireball engulfs the wraith.
The wraith completely resists.
The ghostly fireball engulfs the wight.
The wight completely resists.
You hit Josephine.
Josephine is almost dead.
You hit the wight. You hit the wraith. You hit something. The wraith hits you!
* * * LOW HITPOINT WARNING * * *
The wraith drains your vigour!
You feel as though you will be slow longer.
The wight hits you with an enchanted hand axe.
* * * LOW HITPOINT WARNING * * *
You feel drained.
* * * LOW HITPOINT WARNING * * *
Something hits you but does no damage.
Josephine gestures at you while chanting.
The ghostly flame explodes!
The ghostly fireball engulfs you!
You feel drained.
You die...

######### #.......#
#..##...# #......## # .
#......#######.#?#
..######.##.zZWZZZ..
.......#.##.WzWWzZZ. #..
.......#..#@@# #.#
.......'..#..# #..
..######..#..# #..
#.......#..# ####.#
#..........# #..#..
#.....################..#..
#.....#.................#..
#.....#.................#..
+.....#....................


You could see Josephine, 4 wraiths, a flying skull, 2 wights, 3 bullfrog
zombies, a centaur zombie, a bullfrog skeleton and a centaur warrior skeleton.

Vanquished Creatures
  2 two-headed ogres
  2 unseen horrors
  A gargoyle (D:11)
  3 trolls
  A hornet (D:9)
  Grinder (D:4)
  2 hippogriffs
  3 flying skulls (D:12)
  A spriggan (D:7)
  Sigmund (D:2)
  6 yaks (D:11)
  2 hungry ghosts
  A steam dragon (D:9)
  A soldier ant (D:12)
  Edmund (D:5)
  Menkaure (D:4)
  2 water moccasins
  Duvessa (D:5)
  2 ice beasts
  5 orc warriors
  4 sky beasts
  An eye of draining (D:11)
  4 ogres
  A crocodile (D:10)
  4 big kobolds
  3 bullfrogs
  A gnoll sergeant (D:6)
  A wyvern zombie (Ossuary)
  Dowan (D:5)
  4 scorpions
  The ghost of Kosschaser the Skirmisher, a weakling DrAK of Lugonu (D:4)
  2 oklob saplings (D:9)
  6 killer bees (D:11)
  3 wights (D:10)
  A howler monkey (D:12)
  9 crimson imps
  13 bullfrog zombies
  A centaur zombie (Ossuary)
  A quasit (D:8)
  2 orc priests
  10 hounds
  2 jellies
  5 centaur skeletons
  7 iguanas
  3 bullfrog skeletons
  Ijyb (D:3)
  12 orc wizards
  10 worker ants
  2 hound zombies (Ossuary)
  2 hound skeletons
  A howler monkey zombie (Ossuary)
  13 mummies (Ossuary)
  A worker ant zombie (D:7)
  Robin (D:4)
  11 gnolls
  20 adders
  A river rat (D:4)
  3 shadow imps
  An ooze (D:1)
  An adder skeleton (D:4)
  5 adder zombies
  3 worms (D:4)
  2 leopard geckos
  44 orcs
  5 giant cockroaches
  2 gnoll zombies (D:2)
  11 goblins
  10 hobgoblins
  8 jackals
  A quokka (D:4)
  7 ball pythons
  8 bats
  2 frilled lizards
  A giant cockroach zombie (Ossuary)
  A jackal zombie (D:7)
  27 kobolds
  A leopard gecko zombie (Ossuary)
  2 quokka skeletons
  24 rats
  5 plants (D:9)
378 creatures vanquished.

Vanquished Creatures (others)
  2 plants (D:9)
  A withered plant (Ossuary)
3 creatures vanquished.

Grand Total: 381 creatures vanquished

Notes
Turn   | Place    | Note
-------+----------+-------------------------------------------
     0 | D:1      | Chiseanne the Minotaur Gladiator began the quest for the Orb.
     0 | D:1      | Reached XP level 1. HP: 18/18 MP: 0/0
   402 | D:1      | Reached XP level 2. HP: 25/25 MP: 1/1
   412 | D:1      | Reached skill level 1 in Armour
  1136 | D:2      | Reached XP level 3. HP: 30/30 MP: 2/2
  1224 | D:2      | Found a sparkling altar of Nemelex Xobeh.
  1383 | D:2      | Noticed Sigmund
  1393 | D:2      | HP: 1/31 [something (12)]
  1400 | D:2      | Killed Sigmund
  1400 | D:2      | Reached skill level 5 in Axes
  1400 | D:2      | Reached XP level 4. HP: 9/40 MP: 3/3
  1400 | D:2      | Reached XP level 5. HP: 11/46 MP: 4/4
  1947 | D:2      | Found a basalt altar of Yredelemnul.
  2146 | D:3      | Found a shattered altar of Ashenzari.
  2190 | D:3      | Found a sacrificial altar of Ru.
  2277 | D:3      | Found a shimmering altar of Xom.
  2305 | D:3      | Reached XP level 6. HP: 52/53 MP: 5/5
  2458 | D:3      | Noticed Ijyb
  2465 | D:3      | Killed Ijyb
  2480 | D:3      | Found a sparkling altar of Nemelex Xobeh.
  2485 | D:3      | Reached skill level 5 in Dodging
  2538 | D:3      | Noticed an orc warrior
  2549 | D:3      | Killed an orc warrior
  2549 | D:3      | Reached skill level 5 in Fighting
  2549 | D:3      | Reached XP level 7. HP: 57/61 MP: 6/6
  3046 | D:4      | Noticed Robin
  3056 | D:4      | Killed Robin
  3127 | D:4      | Found a staircase to the Ecumenical Temple.
  3141 | Temple   | Entered the Ecumenical Temple
  3196 | Temple   | Became a worshipper of Makhleb the Destroyer
  3345 | D:4      | Found a glowing drain.
  3351 | Sewer    | Entered a sewer
  3428 | Sewer    | Reached skill level 5 in Armour
  3428 | Sewer    | Reached * piety under Makhleb
  3456 | Sewer    | Found a glowing silver altar of Zin.
  3547 | D:4      | Noticed Kosschaser's ghost (weakling DrAK)
  3556 | D:4      | Killed Kosschaser's ghost
  3699 | D:4      | Reached XP level 8. HP: 24/70 MP: 7/7
  4026 | D:4      | Noticed Grinder
  4038 | D:4      | Killed Grinder
  4038 | D:4      | Reached skill level 1 in Invocations
  4057 | D:4      | Noticed Menkaure
  4065 | D:4      | Killed Menkaure
  4121 | D:5      | Entered Level 5 of the Dungeon
  4229 | D:5      | Found a sand-covered staircase.
  4272 | Ossuary  | Entered an ossuary
  4345 | Ossuary  | Reached ** piety under Makhleb
  4452 | Ossuary  | Reached XP level 9. HP: 79/79 MP: 10/10
  4875 | D:5      | Noticed Dowan
  4886 | D:5      | Noticed Duvessa
  4892 | D:5      | Killed Duvessa
  4894 | D:5      | Killed Dowan
  5052 | D:5      | Noticed Edmund
  5069 | D:5      | Killed Edmund
  5372 | D:6      | Reached *** piety under Makhleb
  6189 | D:7      | Found an iron altar of Okawaru.
  6457 | D:8      | Noticed a two-headed ogre
  6463 | D:8      | Killed a two-headed ogre
  6463 | D:8      | Reached skill level 5 in Invocations
  6463 | D:8      | Reached XP level 10. HP: 90/90 MP: 11/13
  6604 | D:8      | Reached skill level 10 in Axes
  7232 | D:8      | Killed an unseen horror
  7556 | D:9      | Reached **** piety under Makhleb
  7966 | D:9      | Found a shimmering altar of Xom.
  8113 | D:9      | Reached ***** piety under Makhleb
  8200 | D:9      | Paralysed by a hornet for 1 turns
  8482 | D:9      | Reached skill level 10 in Fighting
  8581 | D:9      | Found a blossoming altar of Fedhas.
  8812 | D:10     | Entered Level 10 of the Dungeon
  8936 | D:10     | Noticed a two-headed ogre
  8944 | D:10     | Killed a two-headed ogre
  8944 | D:10     | Reached XP level 11. HP: 58/101 MP: 15/15
  9439 | D:10     | Killed an unseen horror
  9967 | D:11     | Reached skill level 10 in Dodging
 10697 | D:11     | Found a staircase to the Lair.
 10792 | D:12     | Found Ilyrrunu's Armour Boutique.
 10792 | D:12     | Found a staircase to the Orcish Mines.
 10809 | D:12     | Found Dowo's Weapon Boutique.
 11075 | D:12     | Bought a +1 pair of gloves of dexterity for 264 gold pieces
 11217 | D:12     | Noticed a necromancer
 11219 | D:12     | Noticed Josephine
 11237 | D:12     | Killed from afar by Josephine

Skill      XL: |  1  2  3  4  5  6  7  8  9 10 11 |
---------------+----------------------------------+-----
Armour         | 1 3 4 5 |  5.2
Axes           | 4 5 6 8 9 11 | 11.9
Fighting       | 4 5 6 7 8 10 11 | 11.4
Dodging        | 4 5 6 7 8 9 10 | 10.7
Invocations    | 3 5 7 8 |  8.3
Throwing       | |  2.0

Action                   |  1- 3 |  4- 6 |  7- 9 | 10-12 || total
-------------------------+-------+-------+-------+-------++-------
Melee: War axe           |    53 |    83 |   142 |    43 ||   321
       Headbutt          |     8 |    22 |    94 |    93 ||   217
       Flail             |       |       |   215 |   358 ||   573
Throw: Tomahawk          |       |       |       |     4 ||     4
Evoke: Wand              |     1 |     2 |     4 |    14 ||    21
  Use: Scroll            |     4 |     5 |    15 |     5 ||    29
       Potion            |     2 |       |       |     1 ||     3
 Stab: Paralysed         |       |     3 |     2 |       ||     5
       Distracted        |       |       |     1 |       ||     1
       Confused          |       |       |       |     2 ||     2
       Sleeping          |       |       |       |     1 ||     1
  Eat: Chunk             |     1 |     4 |    11 |    17 ||    33
       Royal jelly       |       |       |     1 |       ||     1
Armor: Leather armour    |    20 |    29 |   126 |   181 ||   356
Dodge: Dodged            |    44 |    57 |   285 |   380 ||   766
